AoeStats
← 念

Black Forest

510119538Analyzed
4v4 RM · 4d ago on Sep 29, 2026· 57m 12s· 8 players
Game mode
Random Map
Map size
Large (8 player)
Population
200
Speed
Normal
Resources
Standard
Victory
Conquest
Starting age
Dark Age
Ending age
Imperial Age
RankedLock teamsTeams togetherTeam positionsShared explorationLock speedFull tech treeHidden civsTurbo modeCheats
Victory
Defeat
🇨🇳 Mongols · China
1436
+9
🇵🇪 Persians · Peru
1280
+15
🇨🇳 Teutons · China
1256
+16
🇨🇳 Saracens · China
1217
+19
🇺🇸 Koreans · United States
1290
-16
🇨🇳 Celts · China
1267
-15
🇨🇳 Mongols · China
1256
-14
🇨🇳 Bohemians · China
1243
-14
念
0:45 Loom
12:09 Feudal Age
14:09 Double-Bit Axe
18:32 Castle Age
18:24 Gold Mining
19:55 Bow Saw
25:56 Horse Collar
26:09 Stone Mining
27:06 Heavy Plow
27:48 Wheelbarrow
30:30 Hand Cart
30:01 Town Watch
32:52 Imperial Age
30:11 Town Watch
31:42 Gold Shaft Mining
32:22 Fortified Wall
32:23 Masonry
32:40 Scale Mail Armor
32:50 Forging
33:00 Onager
lostRiver
10:39 Feudal Age
14:42 Castle Age
14:45 Wheelbarrow
14:07 Double-Bit Axe
15:49 Bow Saw
17:22 Wheelbarrow
16:39 Horse Collar
17:53 Heavy Plow
28:12 Imperial Age
26:20 Padded Archer Armor
26:11 Fletching
26:19 Gold Mining
26:20 Stone Mining
27:55 Gold Shaft Mining
27:55 Stone Shaft Mining
28:05 Hand Cart
27:42 Loom
27:43 Town Watch
28:41 Bodkin Arrow
29:01 Leather Archer Armor
29:07 Ballistics
28:43 Murder Holes
29:53 Chemistry
29:39 Bracer
30:11 Conscription
30:06 Husbandry
30:17 Bloodlines
30:36 Parthian Tactics
30:16 Thumb Ring
30:09 Murder Holes
30:25 Masonry
30:36 Onager
32:13 Siege Onager
34:06 Drill
34:04 Light Cavalry
34:07 Elite Mangudai
35:24 Capped Ram
36:56 Scale Barding Armor
37:01 Forging
36:15 Hussar
37:59 Coinage
47:37 Hoardings
虐菜好好玩
12:41 Feudal Age
17:25 Castle Age
15:31 Horse Collar
16:24 Double-Bit Axe
18:38 Bow Saw
26:07 Wheelbarrow
27:20 Heavy Plow
31:05 Imperial Age
29:52 Loom
30:23 Hand Cart
30:29 Forging
30:20 Scale Mail Armor
31:42 Chemistry
32:12 Squires
31:33 Pikeman
31:58 Arson
32:53 Iron Casting
32:34 Chain Mail Armor
32:45 Conscription
33:13 Padded Archer Armor
33:37 Halberdier
35:04 Plate Mail Armor
36:12 Blast Furnace
36:30 Leather Archer Armor
38:06 Two-Man Saw
38:02 Houfnice
39:03 Siege Engineers
ׅ
0:40 Loom
11:03 Feudal Age
16:13 Castle Age
14:24 Double-Bit Axe
14:32 Gold Mining
14:32 Stone Mining
14:27 Horse Collar
17:23 Bow Saw
24:01 Gold Shaft Mining
25:25 Stone Shaft Mining
30:21 Imperial Age
28:56 Wheelbarrow
30:22 Ballistics
30:23 Hand Cart
30:48 Fletching
31:08 Forging
31:04 Scale Barding Armor
30:59 Scale Mail Armor
32:05 Chemistry
31:40 Siege Engineers
31:46 Treadmill Crane
32:18 Siege Engineers
32:11 Murder Holes
33:14 Masonry
32:52 Arrowslits
33:07 Bodkin Arrow
35:42 Two-Man Saw
34:46 Eupseong
34:40 Heavy Rocket Cart
36:15 Conscription
36:10 Bracer
37:08 Fortified Wall
37:29 Architecture
40:47 Shinkichon
40:13 Capped Ram
40:17 Elite War Wagon
45:23 Chain Mail Armor
45:44 Iron Casting
45:30 Chain Barding Armor
48:35 Caravan
很蓝的啦
3:33 Loom
9:22 Feudal Age
10:33 Double-Bit Axe
13:36 Castle Age
12:18 Horse Collar
14:56 Bow Saw
15:00 Stone Mining
21:57 Wheelbarrow
21:15 Gold Mining
23:11 Stone Shaft Mining
23:32 Gold Shaft Mining
25:00 Hand Cart
24:30 Town Watch
24:31 Loom
24:54 Heavy Plow
29:20 Imperial Age
27:18 Caravan
27:36 Fletching
27:47 Padded Archer Armor
28:43 Coinage
28:20 Bodkin Arrow
28:48 Ballistics
28:55 Thumb Ring
28:52 Nomads
29:12 Leather Archer Armor
29:28 Bloodlines
29:18 Husbandry
29:18 Light Cavalry
30:55 Conscription
30:49 Bracer
30:40 Capped Ram
32:01 Banking
32:42 Drill
31:53 Siege Ram
33:15 Parthian Tactics
33:56 Chemistry
34:48 Hussar
35:37 Elite Mangudai
36:55 Hoardings
35:47 Hussar
37:56 Siege Engineers
39:53 Scale Barding Armor
41:38 Onager
47:07 Forging
48:27 Chain Barding Armor
48:33 Siege Onager
54:28 Elite Steppe Lancer
Goz
6:15 Loom
10:14 Feudal Age
14:49 Castle Age
12:51 Horse Collar
14:27 Double-Bit Axe
19:03 Heavy Plow
24:48 Bow Saw
25:32 Wheelbarrow
25:09 Forging
27:31 Gold Mining
27:32 Stone Mining
29:07 Iron Casting
28:37 Scale Barding Armor
30:33 Gold Shaft Mining
30:35 Stone Shaft Mining
30:50 Bloodlines
30:41 Husbandry
33:17 Imperial Age
30:33 Loom
30:34 Town Watch
31:02 Bloodlines
30:53 Husbandry
32:09 Iron Casting
32:01 Hand Cart
33:35 Scale Barding Armor
33:11 Elite War Elephant
34:31 Conscription
34:25 Caravan
35:19 Chain Barding Armor
36:01 Blast Furnace
36:51 Plate Barding Armor
36:12 Light Cavalry
36:52 Husbandry
39:36 Chemistry
38:57 Ballistics
40:30 Crop Rotation
41:04 Two-Man Saw
40:58 Hussar
大理段正纯
1:50 Loom
12:32 Feudal Age
13:59 Wheelbarrow
18:17 Castle Age
22:04 Hand Cart
22:00 Town Watch
25:43 Horse Collar
27:55 Double-Bit Axe
28:34 Heavy Plow
29:19 Gold Mining
29:47 Stone Mining
31:13 Stone Shaft Mining
31:25 Town Patrol
32:17 Bow Saw
37:29 Imperial Age
35:21 Scale Mail Armor
35:32 Forging
35:42 Fletching
37:52 Chain Mail Armor
38:13 Iron Casting
37:35 Bodkin Arrow
37:51 Elite Teutonic Knight
38:52 Conscription
39:15 Crop Rotation
40:10 Plate Mail Armor
40:50 Blast Furnace
40:20 Crenellations
41:20 Ballistics
42:01 Chemistry
40:47 Arrowslits
41:12 Siege Engineers
48:41 Bloodlines
51:15 Scale Barding Armor
50:41 Cavalier
52:18 Chain Barding Armor
53:03 Paladin
54:48 Bombard Tower
55:17 Plate Barding Armor
风花雪月
12:34 Feudal Age
16:26 Castle Age
14:37 Double-Bit Axe
14:34 Horse Collar
20:30 Bow Saw
23:16 Heavy Plow
25:16 Wheelbarrow
27:35 Hand Cart
27:41 Gold Mining
29:25 Town Watch
32:47 Imperial Age
29:45 Crossbowman
30:31 Thumb Ring
31:40 Gold Shaft Mining
31:03 Fletching
31:14 Padded Archer Armor
31:40 Ballistics
31:14 Loom
32:21 Bodkin Arrow
32:42 Leather Archer Armor
32:42 Masonry
32:46 Fortified Wall
33:49 Conscription
34:32 Chemistry
33:34 Bracer
33:07 Arbalester
35:04 Ring Archer Armor
34:35 Stone Mining
36:03 Siege Engineers
39:30 Hoardings
41:48 Scale Barding Armor
41:55 Forging
43:39 Bloodlines
43:29 Husbandry
42:50 Light Cavalry
43:53 Chain Barding Armor
44:09 Iron Casting
44:44 Hussar
48:28 Coinage
47:59 Caravan
49:03 Blast Furnace
48:03 Scale Mail Armor
48:40 Plate Barding Armor
48:39 Counterweights
49:43 Murder Holes
50:25 Banking
52:49 Town Patrol
52:56 Scale Mail Armor
57:54 Two-Man Saw
57:28 Redemption
57:28 Fervor
57:18 Atonement
57:33 Block Printing
57:43 Illumination
57:18 Devotion
57:38 Sanctity
57:55 Theocracy
57:16 Herbal Medicine
57:44 Chain Mail Armor
57:22 Guard Tower
57:17 Arrowslits
57:38 Siphons
57:43 Clinker Construction
57:46 Careening
Connection lost

Rejoining the realm…

Still unreachable

The connection could not be restored.

Session expired

The server has moved on; the page needs a fresh start.